 Dungeon Crawl Stone Soup version 0.31-a0-167-g1c394c0614 (webtiles) character file.

Game seed: 17366655081069470775

50 Maxmaps the Trooper (level 3, -5/31 HPs)
             Began as a Demonspawn Monk on June 14, 2023.
             Slain by a mummy (8 damage)
             ... on level 3 of the Dungeon on June 15, 2023.
             The game lasted 00:01:27 (1888 turns).

Maxmaps the Trooper (Demonspawn Monk)               Turns: 1888, Time: 00:01:28

Health: -5/31      AC:  9    Str: 11    XL:     3   Next: 55%
Magic:  3/3        EV: 11    Int: 13    God:
Gold:   133        SH:  4    Dex: 15    Spells: 2/2 levels left

rFire   . . .        a - +0 falchion
rCold   . . .        d - orb {light}
rNeg    . . .        h - +0 ring mail
rPois   .            (no helmet)
rElec   .            (no cloak)
rCorr   .            (no gloves)
SInv    .            (no boots)
Will    .....        (no amulet)
Stlth   +            o - +4 ring of protection
HPRegen 0.25/turn    (no ring)
MPRegen 0.08/turn

%: no passive effects
@: glowing
A: condensation shield
a: no special abilities


You were on level 3 of the Dungeon.
You visited 1 branch of the dungeon, and saw 3 of its levels.

You collected 133 gold pieces.

Inventory:

Hand Weapons
 a - a +0 falchion (weapon)
 t - a +0 dagger of venom
Armour
 b - a +0 robe
 d - an orb of light (worn)
 h - a +0 ring mail (worn)
Jewellery
 o - a +4 ring of protection (left hand)
Scrolls
 e - a scroll of fog {unknown}
 f - 2 scrolls of vulnerability {unknown}
 g - a scroll of teleportation {unknown}
 k - 3 scrolls of brand weapon {unknown}
 l - a scroll of revelation {unknown}
 m - a scroll of blinking {unknown}
 q - 3 scrolls of identify {unknown}
 r - a scroll of immolation {unknown}
 s - a scroll of poison {unknown}
Potions
 c - a potion of ambrosia
 i - 2 potions of curing {unknown}
 j - a potion of haste {unknown}
 n - a potion of invisibility {unknown}
 p - a potion of enlightenment {unknown}
 u - a potion of resistance {unknown}


   Skills:
 - Level 4.5 Fighting
 + Level 0.2(1.6) Short Blades
 - Level 2.6(2.7) Long Blades
 - Level 2.6 Dodging


You had 2 spell levels left.
You didn't know any spells.
Your spell library contained the following spells:

 Spells                   Type           Power      Damage    Failure   Level
 Blade Hands              Tmut           0%         N/A       100%        5
 Irradiate                Conj/Tmut      0%         3d11      100%        5
 Dragon Form              Tmut           0%         N/A       100%        7


Dungeon Overview and Level Annotations

Branches:
Dungeon (3/15)

Altars:
Cheibriados
Fedhas

Annotations:
D:3 2 runed translucent doors, zeez's ghost, weakling MfCK


Innate Abilities, Weirdness & Mutations

A meltable shield of frost defends you. (SH +4)


Message History

The hobgoblin is severely wounded.
You kill the hobgoblin!
The mummy hits you!
Your +0 dagger of venom stops dripping with poison.
a - a +0 falchion (weapon)
You hit the mummy but do no damage.
The mummy is moderately damaged.
You block the mummy's attack.
You hit the mummy but do no damage.
The mummy is moderately damaged.
You hit the mummy but do no damage.
The mummy is moderately damaged.
The mummy misses you.
You hit the mummy.
The mummy is moderately damaged.
The mummy hits you but does no damage.
You hit the mummy but do no damage.
The mummy is moderately damaged.
You hit the mummy.
The mummy is heavily damaged.
The mummy hits you!
* * * LOW HITPOINT WARNING * * *
You hit the mummy but do no damage.
The mummy is heavily damaged.
The mummy hits you!
* * * LOW HITPOINT WARNING * * *
You hit the mummy but do no damage.
The mummy is heavily damaged.
You hit the mummy.
The mummy is heavily damaged.
The mummy hits you but does no damage.
You hit the mummy but do no damage.
The mummy is heavily damaged.
You block the mummy's attack.
You hit the mummy.
The mummy is severely damaged.
You hit the mummy but do no damage.
The mummy is severely damaged.
The mummy hits you!
You die...

#.# #.....# #.# ####.....####
#.# #...........# #.#
##...........# ###.#
##......_...... ..#.# #
..............# #.#.# #
#....M......# #[#.# # #[@...#
#.#>### #.....# #.#..##
###.....## #†##.#
#.##.####..........# #.##.##
.........#.############......
#.##.###.#.# #........##
#.#.####.#.########.#####..#
....................#####..##
########.....................


You could see a mummy.

Vanquished Creatures
  6 bats
  3 endoplasms (D:1)
  A giant cockroach (D:3)
  6 goblins
  9 hobgoblins
  A quokka (D:1)
  5 ball pythons
  5 frilled lizards
  6 kobolds
  3 rats (D:1)
45 creatures vanquished.

Notes
Turn   | Place    | Note
-------+----------+-------------------------------------------
     0 | D:1      | Maxmaps the Demonspawn Monk began the quest for the Orb.
     0 | D:1      | Reached XP level 1. HP: 18/18 MP: 1/1
   234 | D:1      | Gained mutation: A meltable shield of frost defends you.
                  | (SH +4) [demonic ancestry]
   234 | D:1      | Reached XP level 2. HP: 23/24 MP: 2/2
   450 | D:1      | Reached skill level 4 in Fighting
   948 | D:1      | Reached XP level 3. HP: 27/30 MP: 3/3
  1326 | D:2      | Found a faded altar of an unknown god.
  1326 | D:2      | Noticed a shining eye
  1328 | D:2      | Noticed an eye of devastation
  1335 | D:2      | Noticed a shining eye
  1335 | D:2      | Noticed a floating eye
  1582 | D:3      | Found a large runed translucent door.
  1584 | D:3      | Found a large runed translucent door.
  1586 | D:3      | Noticed zeez's ghost (weakling MfCK)
  1610 | D:3      | Found a blossoming altar of Fedhas.
  1863 | D:3      | Found a snail-covered altar of Cheibriados.
  1883 | D:3      | HP: 1/31 [mummy (7)]
  1888 | D:3      | Slain by a mummy

Illustrated notes

Levels and vault maps discovered:
D:1:      lightli_arrival_noodles, layout_loops_corners, serial_bayou_pond_a,
          st_stairs_1, minmay_heptomino_d4
D:2:      layout_loops_ring, hellmonk_ecumenical_altar_watching_god
D:3:      layout_loops_ring, bloody_makhleb, slow_altar_1,
          fedhas_ov_isle_minmay, ebering_ghost_disaster_area

Skill      XL: |  1  2 |
---------------+-------+-----
Fighting       | 4 |  4.5
Short Blades   | |  0.2
Long Blades    | |  2.6
Dodging        | |  2.6

Action                     || total
---------------------------++-------
  Melee: Falchion          ||   105
         Dagger            ||    15
 Armour: Robe              ||    18
         Ring mail         ||    20
  Dodge: Dodged            ||    66
  Block: Orb               ||    17

Table legend: (Time is in decaauts)
 A = Elapsed time spent in this place.
 B = Non-inter-level travel time spent in this place.
 C = Inter-level travel time spent in this place.
 D = Time resting spent in this place.
 E = Time spent auto-exploring this place.
 F = Levels seen in this place.
 G = Mean time per level.
                   A        B        C        D        E       F      G
               +--------+--------+--------+--------+--------+-----+--------+
         Total |   1903 |   1816 |     87 |      0 |   1519 |   3 |  634.3 |
       Dungeon |   1903 |   1816 |     87 |      0 |   1519 |   3 |  634.3 |
               +--------+--------+--------+--------+--------+-----+--------+

Top non-repeatable levels by time:
     D:1: 1104 daAuts
     D:2: 489 daAuts
     D:3: 308 daAuts
